 Dungeon Crawl Stone Soup version 0.18-a0-23-g19353e1 (webtiles) character file.

63 Raultor the Grave Robber (level 3, -3/24 HPs)
             Began as a Vampire Necromancer on Nov 2, 2015.
             Shot with a stone by a goblin (7 damage)
             ... led by Robin
             ... on level 2 of the Dungeon.
             The game lasted 00:07:36 (1187 turns).

Raultor the Grave Robber (Vampire Necromancer)      Turns: 1187, Time: 00:07:36

Health: -3/24      AC:  2    Str:  7    XL:     3   Next: 87%
Magic:  5/6        EV: 12    Int: 18    God:
Gold:   57         SH:  0    Dex: 14    Spells: 3 memorised, 1 level left

rFire  . . .     SeeInvis +     h - +1 spear (pierce)
rCold  . . .     Clarity  .     a - +0 robe
rNeg   + . .     SustAt   .     (no shield)
rPois  .         Gourm    .     (no helmet)
rElec  .         Spirit   .     (no cloak)
rCorr  .         Warding  .     (no gloves)
rMut   .         Stasis   .     (no boots)
MR     .....                    (no amulet)
Stlth  ++........               (no ring)
                                (no ring)

@: lethally poisoned (-3 -> -7), not resistant to hostile enchantments,
unstealthy
A: fangs 3, see invisible, unbreathing
a: Bat Form


You were on level 2 of the Dungeon.
You were not thirsty.

You visited 1 branch of the dungeon, and saw 2 of its levels.

You collected 57 gold pieces.

Inventory:

Hand Weapons
 e - a +0 club
 h - a +1 spear of piercing (weapon)
Armour
 a - a +0 robe (worn)
Scrolls
 f - a scroll of identify {unknown}
 i - a scroll of teleportation {unknown}
 j - 2 scrolls of immolation {unknown}
 k - a scroll of fog {unknown}
 l - a scroll of enchant armour {unknown}
Potions
 c - 6 potions of blood
 d - a potion of agility {unknown}
 g - a potion of flight {unknown}
Books
 b - a book of Necromancy

   Spells                             Type                      Level
   a - Pain                           Necromancy                   1
   b - Animate Skeleton               Necromancy                   1
   c - Vampiric Draining              Necromancy                   3
   d - Regeneration                   Charms/Necromancy            3
   e - Animate Dead                   Necromancy                   4
   f - Control Undead                 Necromancy                   4


   Skills:
 - Level 2.1 Dodging
 - Level 3.0 Stealth
 - Level 2.0 Spellcasting
 + Level 6.0 Necromancy


You had one spell level left.
You knew the following spells:

 Your Spells              Type           Power        Failure   Level  Hunger
a - Pain                  Necr           ###.         1%          1    #......
b - Animate Skeleton      Necr           N/A          1%          1    #......
c - Vampiric Draining     Necr           ###.......   4%          3    ###....


Dungeon Overview and Level Annotations

Branches:
Dungeon (2/15)

Altars:


Innate Abilities, Weirdness & Mutations

You have razor-sharp teeth.
You have supernaturally acute eyesight.
You can survive without breathing.


Message History

You attempt to give life to the dead...
Before your eyes, flesh is ripped from the corpse!
The dead are walking!
The hobgoblin shouts!
You feel sick. The adder bites you. The goblin hits you.
Things that are here:
3 chunks of flesh; a club; a stone The goblin barely misses you.
The goblin hits you. The adder bites you.
* * * LOW HITPOINT WARNING * * *
The goblin barely misses your hobgoblin skeleton.
You feel sick.
The goblin unwields an uncursed hunting sling.
The goblin hits you.
* * * LOW HITPOINT WARNING * * *
Your hobgoblin skeleton hits something.
The goblin hits your hobgoblin skeleton.
The goblin wields an uncursed hunting sling.
The goblin shoots a stone.
The stone hits you!
You die...

#.... #...# ###.#g####
#####...#....#
##.....#....# ##..
###..%..####
#..###....##..g.# ..#
.......g####%S#.####.#
.....g..##.##.#
....######...........#
#.S## #).......##.#
....## #........##.# #
.##.g###
#........##.####.# .
##g..###.#########<.....#
.
#..g..(.######..##..####
# #...#%$(%(##........###
#......##.((.g[.......##


You could see an adder, 3 goblins and a friendly hobgoblin skeleton.

Vanquished Creatures
  Robin (D:2)
  An adder (D:2)
  An ooze (D:1)
  A ball python (D:2)
  A bat (D:2)
  A giant cockroach (D:1)
  11 hobgoblins
  3 jackals (D:1)
  4 kobolds (D:1)
  2 giant newts
  7 goblins
  4 rats
37 creatures vanquished.

Vanquished Creatures (collateral kills)
  A hobgoblin (D:2)
1 creature vanquished.

Grand Total: 38 creatures vanquished

Notes
Turn   | Place    | Note
--------------------------------------------------------------
     0 | D:1      | Raultor the Vampire Necromancer began the quest for the Orb.
     0 | D:1      | Reached XP level 1. HP: 13/13 MP: 3/3
   266 | D:1      | Reached XP level 2. HP: 16/19 MP: 5/5
   288 | D:1      | Learned a level 1 spell: Animate Skeleton
   338 | D:1      | Reached skill level 5 in Necromancy
   807 | D:2      | Reached XP level 3. HP: 21/24 MP: 2/6
   812 | D:2      | Learned a level 3 spell: Vampiric Draining
   868 | D:2      | Noticed Robin
   877 | D:2      | Killed Robin
   910 | D:1      | HP: 1/24 [hobgoblin[Robin] (3)]
   911 | D:1      | Reached skill level 6 in Necromancy
  1187 | D:2      | Shot with a stone by a goblin

Vault maps used:
D:1:      saegor_arrival_simple_b
D:2:      uniq_terence, uniq_robin

Action                   || total
-------------------------++-------
Melee: Club              ||    39
       Unarmed           ||     3
       Spear             ||    38
 Cast: Pain              ||    15
       Animate Skeleton  ||     5
       Vampiric Draining ||     3
 Stab: Sleeping          ||     6
  Eat: Corpse            ||     5
